 Dungeon Crawl Stone Soup version 0.31.0-32-g396128a36d (webtiles) character file.

Game seed: 1395520026585490061

1611427 LordWeiramon the Slayer (level 27, 145/199 HPs)
             Began as a Kobold Ice Elementalist on Mar 20, 2024.
             Was the Champion of Ashenzari.
             Escaped with the Orb
             ... and 3 runes on Mar 22, 2024!
             The game lasted 05:39:52 (73304 turns).

LordWeiramon the Slayer (Kobold Ice Elementalist)  Turns: 73304, Time: 05:39:53

Health: 145/199    AC: 33    Str:  8    XL:     27
Magic:  32/32      EV: 39    Int: 15    God:    Ashenzari [******]
Gold:   1338       SH: 19    Dex: 32    Spells: 32/45 levels left

rFire   + . .        a - +9 rapier of Supernal Wisdom {speed, Dev, Comp} (curse)
rCold   + + .        t - +2 kite shield of Ashenzari's Gnosis {AC+3, Melee, Dev} (curse)
rNeg    + + .        V - +5 swamp dragon scales "Share My Incredulity" {rPois, Sorc, Self} (curse)
rPois   +            f - +1 helmet "Doubts of Ashenzari" {Melee, Dev} (curse)
rElec   +            m - scarf of Star-Bound Wisdom {rC+ rF+, Fort, Bglg} (curse)
rCorr   .            B - +1 pair of gloves "Cursed Awkwardness" {Cun, Bglg} (curse)
SInv    +            v - +3 pair of mountain boots {steadfast, rC+, Self, Bglg} (curse)
Will    +++..        x - amulet "Bound Prison" {Acrobat +Blink rElec rN++, Bglg, Elem} (curse)
Stlth   ++++         n - ring "Shattered Visionary" {AC+4, Dev, Cun} (curse)
HPRegen 0.53/turn    W - ring of Ashenzari's Fetters {Will+ Dex+6, Cun, Fort} (curse)
MPRegen 0.23/turn

%: acrobat, clarity
@: studying 2 skills
A: small, no large weapons, nightstalker 3, hooves 1, dopey 1, low MP 1,
inability to read after injury 1
0: Orb of Zot
}: 3/15 runes: decaying, serpentine, silver
a: Renounce Religion, Evoke Blink, Shatter the Chains


You escaped.
You worshipped Ashenzari.
Ashenzari was exalted by your worship.
You visited 10 branches of the dungeon, and saw 48 of its levels.
You also visited: Trove, Bailey and Ice Cave.

You collected 7758 gold pieces.
You spent 6420 gold pieces at shops.

Inventory:

Hand Weapons
 a - the cursed +9 rapier of Supernal Wisdom (weapon) {speed, Dev, Comp}
   (You bought it in a shop on level 3 of the Depths)

   It has a curse which improves the following skills: Devices: Evocations and
   Shapeshifting.
   Companions: Summonings and Necromancy.
Missiles
 j - 5 throwing nets (quivered)
 s - 20 curare-tipped darts
 u - 50 poisoned darts
Armour
 b - a +2 helmet of see invisible
 f - the cursed +1 helmet "Doubts of Ashenzari" (worn) {Melee, Dev}
   (You found it on level 5 of the Dungeon)

   It has a curse which improves the following skills: Melee Combat: Short
   Blades, Long Blades, Axes, Maces & Flails, Polearms, Staves and Unarmed
   Combat.
   Devices:   Evocations and Shapeshifting.
 m - the cursed scarf of Star-Bound Wisdom (worn) {rC+ rF+, Fort, Bglg}
   (You found it on level 12 of the Dungeon)

   It has a curse which improves the following skills: Fortitude: Armour and
   Shields.
   Beguiling: Hexes and Translocations.
 t - the cursed +2 kite shield of Ashenzari's Gnosis (worn) {AC+3, Melee, Dev}
   (You took it off a tengu warrior on level 2 of the Depths)

   It has a curse which improves the following skills: Melee Combat: Short
   Blades, Long Blades, Axes, Maces & Flails, Polearms, Staves and Unarmed
   Combat.
   Devices:   Evocations and Shapeshifting.
 v - the cursed +3 pair of mountain boots (worn) {steadfast, rC+, Self, Bglg}
   (You acquired it on level 4 of the Vaults)

   Steadfast: It prevents involuntary movement, except for blinking,
   teleportation, or banishment.
   rC+:       It protects you from cold.
   It has a curse which improves the following skills: Introspection: Fighting
   and Spellcasting.
   Beguiling: Hexes and Translocations.
 B - the cursed +1 pair of gloves "Cursed Awkwardness" (worn) {Cun, Bglg}
   (You found it on level 15 of the Dungeon)

   It has a curse which improves the following skills: Cunning: Dodging and
   Stealth.
   Beguiling: Hexes and Translocations.
 H - a +2 pair of gloves
 V - the cursed +5 swamp dragon scales "Share My Incredulity" (worn) {rPois, Sorc, Self}
   (You found it on level 3 of the Swamp)

   rPois:     It protects you from poison It has a curse which improves the
   following skills: Sorcery: Conjurations and Alchemy.
   Introspection: Fighting and Spellcasting.
Jewellery
 n - the cursed ring "Shattered Visionary" (left hand) {AC+4, Dev, Cun}
   (You took it off Erica on level 11 of the Dungeon)

   [ring of protection]

   AC+4:      It affects your AC (+4).
   It has a curse which improves the following skills: Devices: Evocations and
   Shapeshifting.
   Cunning:   Dodging and Stealth.
 o - the ring "Rien" {Wiz rCorr Dex+4}
   (You found it on level 3 of the Depths)

   [ring of wizardry]

   Wiz:       It improves your spell success rate.
   Dex+4:     It affects your dexterity (+4).
   rCorr:     It protects you from acid and corrosion.
 x - the cursed amulet "Bound Prison" (around neck) {Acrobat +Blink rElec rN++, Bglg, Elem}
   (You bought it in a shop on level 1 of the Depths)

   [amulet of the acrobat]

   Acrobat:   It increases your evasion while moving and waiting.
   rElec:     It insulates you from electricity.
   rN++:      It greatly protects you from negative energy.
   +Blink:    It lets you blink.
   It has a curse which improves the following skills: Beguiling: Hexes and
   Translocations.
   Elements:  Fire Magic, Ice Magic, Air Magic and Earth Magic.
 W - the cursed ring of Ashenzari's Fetters (right hand) {Will+ Dex+6, Cun, Fort}
   (You found it on level 2 of the Elven Halls)

   [ring of dexterity]

   Dex+6:     It affects your dexterity (+6).
   Will+:     It increases your willpower.
   It has a curse which improves the following skills: Cunning: Dodging and
   Stealth.
   Fortitude: Armour and Shields.
 Y - an amulet of the acrobat
 Z - the ring "Delab" {Fly rF+ Str+2 SInv Stlth+}
   (You took it off a fire giant on level 3 of the Depths)

   [ring of see invisible]

   Str+2:     It affects your strength (+2).
   rF+:       It protects you from fire.
   SInv:      It lets you see invisible.
   Fly:       It grants you flight.
   Stlth+:    It makes you more stealthy.
Wands
 c - a wand of charming (84)
 l - a wand of mindburst (21)
 z - a wand of flame (77)
 C - a wand of iceblast (41)
 G - a wand of digging (11)
 T - a wand of acid (33)
Scrolls
 e - a scroll of summoning
 h - 10 scrolls of fog
 i - 24 scrolls of teleportation
 q - 8 scrolls of fear
 w - 7 scrolls of blinking
 y - 15 scrolls of vulnerability
 A - 4 scrolls of silence
 D - 7 scrolls of poison
 I - 3 scrolls of enchant weapon
 M - 13 scrolls of revelation
Potions
 d - 11 potions of heal wounds
 g - 4 potions of magic
 k - 8 potions of enlightenment
 r - 6 potions of mutation
 E - 27 potions of curing
 J - 3 potions of haste
 K - 4 potions of invisibility
 N - 5 potions of brilliance
 P - 5 potions of ambrosia
 Q - a potion of berserk rage
 R - 2 potions of cancellation
 S - 4 potions of resistance
 X - 8 potions of might
Miscellaneous
 p - a box of beasts (inert)
 F - a phial of floods
 L - a lightning rod (4/4)
 O - a phantom mirror
 U - a tin of tremorstones (2/2)


   Skills:
 - Level 26.5(27) Fighting
 - Level 24.8(27) Short Blades
 - Level 7.1 Throwing
 - Level 10.2(13.8) Armour
 + Level 22.6(26.9) Dodging
 - Level 22.0(26.3) Stealth
 - Level 12.5(16.0) Shields
 - Level 6.0(9.6) Spellcasting
 - Level 12.3(18.0) Hexes
 - Level 4.0(6.2) Ice Magic
 - Level 12.3(14.7) Air Magic
 - Level 7.0(9.5) Earth Magic
 - Level 11.1(16.7) Evocations


You had 32 spell levels left.
You knew the following spells:

 Your Spells              Type           Power      Damage    Failure   Level
a - Passwall              Erth           35%        N/A       3%          3
b - Ensorcelled Hibernat  Hex/Ice        86%        N/A       1%          2
c - Confusing Touch       Hex            57%        N/A       1%          3
s - Silence               Hex/Air        27%        N/A       1%          5

Your spell library contained the following spells:

 Spells                   Type           Power      Damage    Failure   Level
 Sandblast                Erth           70%        2d15      1%          1
 Swiftness                Air            51%        N/A       1%          3
 Tukima's Dance           Hex            57%        N/A       1%          3
 Airstrike                Air            25%        2d(4-20)  1%          4
 Shock                    Conj/Air       100%       1d9       2%          1
 Freeze                   Ice            100%       1d10      3%          1
 Mercury Vapours          Alch/Air       58%        N/A       3%          2
 Dazzling Flash           Conj/Hex       68%        N/A       3%          3
 Cigotuvi's Dreadful Rot  Necr/Alch/Air  44%        N/A       10%         2
 Metabolic Englaciation   Hex/Ice        21%        N/A       10%         5
 Dimensional Bullseye     Hex/Tloc       17%        N/A       11%         4
 Frozen Ramparts          Ice            52%        1d8       12%         3
 Ozocubu's Armour         Ice            26%        N/A       12%         3
 Anguish                  Hex/Necr       17%        N/A       12%         4
 Mephitic Cloud           Conj/Alch/Air  22%        N/A       19%         3
 Stone Arrow              Conj/Erth      44%        3d9       21%         3
 Vhi's Electric Charge    Tloc/Air       60%        N/A       21%         4
 Enfeeble                 Hex            28%        N/A       26%         7
 Lee's Rapid Deconstruct  Erth           17%        3d11*     28%         5
 Summon Mana Viper        Hex/Summ       34%        N/A       32%         5
 Yara's Violent Unravell  Hex/Alch       17%        3d8       32%         5
 Apportation              Tloc           18%        N/A       34%         1
 Hailstorm                Conj/Ice       17%        3d6       36%         3
 Summon Ice Beast         Ice/Summ       17%        N/A       36%         3
 Foxfire                  Conj/Fire      32%        2x1d5     41%         1
 Kiss of Death            Conj/Necr      32%        2d7       41%         1
 Magic Dart               Conj           32%        1d4       41%         1
 Necrotise                Necr           32%        1d5       41%         1
 Sting                    Conj/Alch      32%        1d5       41%         1
 Summon Small Mammal      Summ           32%        N/A       41%         1
 Animate Armour           Summ/Erth      44%        N/A       54%         4
 Brom's Barrelling Bould  Conj/Erth      22%        2d4       54%         4
 Leda's Liquefaction      Alch/Erth      11%        N/A       54%         4
 Petrify                  Alch/Erth      22%        N/A       54%         4
 Arcjolt                  Conj/Air       14%        1d24      54%         5
 Call Imp                 Summ           16%        N/A       56%         2
 Searing Ray              Conj           16%        2d5       56%         2
 Sublimation of Blood     Necr           8%         N/A       56%         2
 Freezing Cloud           Conj/Ice/Air   14%        6-21      58%         5
 Gell's Gravitas          Tloc           9%         N/A       71%         3
 Teleport Other           Tloc           9%         N/A       71%         3
 Fugue of the Fallen      Necr           8%         N/A       80%         3
 Vampiric Draining        Necr           8%         2d6       80%         3
 Borgnjor's Vile Clutch   Necr/Erth      11%        N/A       88%         5
 Discord                  Hex            28%        N/A       90%         8
 Iskenderun's Mystic Bla  Conj/Tloc      9%         2d4       98%         4
 Manifold Assault         Tloc           9%         N/A       98%         4
 Passage of Golubria      Tloc           9%         N/A       98%         4
 Conjure Ball Lightning   Conj/Air       14%        3x3d6     98%         6
 Plasma Beam              Fire/Air       14%        2x1d25    98%         6
 Animate Dead             Necr           8%         N/A       99%         4
 Dispel Undead            Necr           8%         3d8       99%         4
 Fulminant Prism          Conj/Alch      4%         3d5       99%         4
 Ignite Poison            Fire/Alch      8%         N/A       99%         4
 Martyr's Knell           Necr/Summ      8%         N/A       99%         4
 Olgreb's Toxic Radiance  Alch           8%         N/A       99%         4
 Sticky Flame             Fire/Alch      8%         2d4       99%         4
 Summon Blazeheart Golem  Fire/Summ      8%         N/A       99%         4
 Alistair's Intoxication  Alch           5%         N/A       100%        5
 Curse of Agony           Necr           8%         N/A       100%        5
 Iskenderun's Battlesphe  Conj           8%         2d6       100%        5
 Summon Forest            Summ/Tloc      4%         N/A       100%        5
 Bombard                  Conj/Erth      11%        9d3       100%        6
 Death Channel            Necr           4%         N/A       100%        6
 Dispersal                Tloc           4%         N/A       100%        6
 Sculpt Simulacrum        Ice/Alch       8%         N/A       100%        6
 Starburst                Conj/Fire      4%         6d3       100%        6
 Summon Cactus Giant      Summ           4%         N/A       100%        6
 Malign Gateway           Summ/Tloc      4%         N/A       100%        7
 Orb of Destruction       Conj           4%         9d5       100%        7
 Ozocubu's Refrigeration  Ice            13%        4d10      100%        7
 Spellforged Servitor     Conj/Summ      4%         N/A       100%        7
 Summon Hydra             Summ           4%         N/A       100%        7
 Disjunction              Tloc           4%         N/A       100%        8
 Ignition                 Fire           4%         3d4       100%        8
 Lehudib's Crystal Spear  Conj/Erth      11%        10d4      100%        8
 Maxwell's Capacitive Co  Air            25%        ∞         100%        8
 Summon Horrible Things   Summ           4%         N/A       100%        8


Dungeon Overview and Level Annotations

Branches:
Dungeon (15/15)            Temple (1/1) D:6            Lair (5/5) D:9
  Swamp (4/4) Lair:3        Snake (4/4) Lair:2        Slime (0/5) Lair:5
    Orc (2/2) D:9             Elf (3/3) Orc:2        Vaults (5/5) D:13
  Crypt (0/3) Vaults:2     Depths (4/4) D:15            Zot (5/5) Depths:4
 Bailey (visited)           IceCv (visited)

Altars:
Ashenzari
Cheibriados
Dithmenos
Elyvilon
Fedhas
Gozag
Hepliaklqana
Kikubaaqudgha
Makhleb
Nemelex Xobeh
Okawaru
Qazlal
Ru
Sif Muna
Trog
Uskayaw
Vehumet
Wu Jian
Xom
Yredelemnul
Zin
The Shining One
Jiyva

Shops:
D:9 [   D:15 !   Orc:1 !   Orc:2 [[??   Elf:2 :*   Snake:3 !   Snake:4 !:(=
Vaults:1 =   Vaults:2 [   Vaults:4 :   Vaults:5 !?   Depths:1 :=:=   Depths:3 (

Portals:
Hell: Depths:1 Depths:2 Depths:3 Depths:4
Abyss: Depths:3
Pandemonium: Depths:2
Ziggurat: Depths:3

Annotations:
Zot:1 2 transporters


Innate Abilities, Weirdness & Mutations

You are small and have problems with some larger weapons.
You are completely attuned to the shadows.
You have large cloven feet.
You are dopey. (Int -2)
Your magical capacity is low. (-10% MP)
You occasionally lose the ability to read scrolls when taking damage.


Message History

There is a stone staircase leading up, spattered with blood here.
Things that are here:
a +0 chain mail; a +0 club; a +0 whip You climb upwards.
There is a stone staircase leading down here.
You sense a monster nearby.
There is a stone staircase leading up here.
You climb upwards.
There is a stone staircase leading down here.
There is a stone staircase leading up here.
You climb upwards.
There is a stone staircase leading down here.
There is a stone staircase leading up here.
You climb upwards.
There is a stone staircase leading down here.
Things that are here:
a +0 robe; a +0 dagger; a +0 club A Hell Sentinel comes into view.
The Hell Sentinel gestures at you.
The sphere of damnation explodes!
The damnation engulfs you!!!
There is a stone staircase leading up here.
You climb upwards.
There is a stone staircase leading down here.
Okay, then.
Unknown command.
Casting: Confusing Touch (safe; 1% risk of failure)
Confirm with . or Enter, or press ? or * to list all spells.
Aiming: Passwall (mildly dangerous; 3% risk of failure)
Press: ? - help, Dir - move target A rock wall.
This square is covered in magical glow.
You begin to meditate on the wall.
You continue meditating on the rock. x2
You finish merging with the rock.
You climb upwards.
There is a stone staircase leading down here.
There is a stone staircase leading up here.
You climb upwards.
Magic restored.
There is a stone staircase leading down here.
There is a staircase leading out of the dungeon here.
You have escaped!

##..####
♣.♣♣
.......#
♣♣♣.♣
##..##.#
♣...♣
##..##.#
♣♣.♣♣
##..##.#
♣...♣
...###.#
♣♣..♣♣
##.# #.#
♣♣..♣
#.###.#
♣...♣
#.....#
♣♣.@.♣
#..####
♣....♣
##..#
♣♣♣..♣
#######
....#
♣♣..♣♣
#......
##..#
♣♣.♣♣♣
#.#####
....#
♣.♣.♣ #.#
###.####
♣{.♣♣ #.#
.._....#
♣..♣ #.#
#...#.####
#..### #.#


There were no monsters in sight!

Vanquished Creatures
  2 dread liches (Zot:5)
  3 orbs of fire
  An ancient lich (Zot:5)
  A pandemonium lord (Depths:1)
  A juggernaut (Depths:2)
  Xtahua (Vaults:2)
  Sojobo (Depths:4)
  A Killer Klown (Zot:5)
  Saint Roka (Vaults:1)
  Parghit (Depths:4)
  Vashnia (Snake:3)
  2 curse toes
  Jory (Depths:4)
  13 golden dragons
  2 pearl dragons (Depths:1)
  the Enchantress (Depths:2)
  3 doom hounds (Zot:2)
  A bone dragon (Depths:4)
  2 Brimstone Fiends
  4 electric golems
  A walking crystal tome (Depths:4)
  12 tentacled monstrosities
  6 liches
  Mlioglotl (Snake:3)
  24 Orb Guardians
  Grunn (Zot:2)
  Asterion (Snake:1)
  5 sphinxes
  8 quicksilver dragons
  2 walking earthen tomes
  2 deep elf master archers (Elf:3)
  3 titans
  3 deep elf blademasters
  Frances (D:12)
  An Executioner (D:11)
  2 thorn hunters
  An ancient champion (Vaults:2)
  5 death cobs
  8 tengu reavers
  12 storm dragons
  9 shadow dragons
  Aizul (Snake:2)
  Kirke (Snake:1)
  Roxanne (Snake:3)
  The ghost of WickedGoodPizza the Bludgeoner, an adept DsNe of Hepliaklqana (Vaults:1)
  A revenant (Vaults:1)
  7 nagarajas
  A protean progenitor (Zot:3)
  5 draconian knights
  10 frost giants
  12 fire giants
  5 draconian monks
  3 iron dragons
  4 deep elf sorcerers
  4 draconian shifters
  20 vault wardens
  3 draconian scorchers
  2 ghost moths
  5 deep elf elementalists
  22 ironbound preservers
  A draconian stormcaller (Zot:4)
  A balrug (Depths:2)
  3 draconian annihilators
  11 very ugly things
  2 ophanim
  2 reapers
  A formless jellyfish (Vaults:4)
  3 spriggan defenders (Depths:2)
  17 stone giants
  3 green draconians
  7 deep elf death magi
  An apis (Depths:1)
  9 red draconians
  7 dire elephants
  5 deep elf demonologists
  10 ironbound thunderhulks
  3 eleionomae
  A vampire knight (Depths:2)
  7 deep elf annihilators
  9 purple draconians
  Nessos (D:12)
  4 bunyips
  4 black draconians
  6 spark wasps
  8 yellow draconians
  A putrid mouth (Zot:2)
  10 white draconians
  Snorg (D:10)
  A war gargoyle (Depths:2)
  14 ettins
  A blizzard demon (Depths:2)
  An eidolon (Vaults:1)
  2 green deaths (Snake:3)
  13 fire dragons
  4 shambling mangroves
  9 yaktaur captains
  6 deep elf high priests
  6 ice dragons
  Josephine (D:12)
  24 hydras
  9 great orbs of eyes
  5 rakshasas
  7 spriggan air magi
  An ogre mage (Vaults:5)
  4 salamander tyrants
  3 ghost crabs
  36 vault guards
  Erica (D:11)
  A death knight (D:14)
  12 ironbound frosthearts
  2 anacondas
  10 centaur warriors
  7 alligators
  25 dancing weapons
  9 two-headed ogres
  17 tengu warriors
  3 boulder beetles
  19 naga warriors
  6 death yaks
  7 deep troll shamans
  8 orc high priests
  11 deep troll earth magi
  3 occultists
  4 hell hogs (Depths:2)
  11 spriggan berserkers
  20 naga sharpshooters
  4 sun demons
  Urug (Orc:1)
  5 soul eaters
  Nergalle (Lair:2)
  9 shock serpents
  6 hell knights (Depths:4)
  7 salamander mystics
  13 deep elf knights
  3 shadow wraiths
  2 skysharks (Lair:3)
  14 iron trolls
  10 skeletal warriors
  A storm dragon skeleton (Vaults:2)
  A goliath frog (Swamp:3)
  70 deep trolls
  11 naga ritualists
  4 spriggan druids
  14 swamp dragons
  2 glowing orange brains (Depths:2)
  9 arcanists
  2 quicksilver dragon simulacra (Depths:2)
  7 mana vipers
  15 deep elf archers
  An obsidian statue (IceCv)
  11 bog bodies
  16 ironbound convokers
  5 necromancers
  33 deep elf zephyrmancers
  11 lindwurms
  16 orc knights
  19 deep elf pyromancers
  2 harpies (Vaults:3)
  A shining eye (shapeshifter) (Vaults:5)
  4 phantasmal warriors (Vaults:5)
  A large abomination (D:11)
  4 orc sorcerers
  28 ugly things
  Maurice (D:7)
  A salamander (shapeshifter) (D:13)
  4 manticores
  2 shining eyes (Depths:3)
  3 will-o-the-wisps
  A tengu skeleton (Vaults:2)
  25 salamanders
  9 cyclopes
  2 guardian serpents
  A stone giant skeleton (Vaults:2)
  2 kobold blastminers (Orc:1)
  21 vault sentinels
  A fire giant skeleton (Vaults:2)
  13 naga magi
  18 moths of wrath
  An eye of devastation (Depths:3)
  2 molten gargoyles (Lair:5)
  46 black mambas
  9 cane toads
  2 ice statues
  A water nymph (shapeshifter) (Vaults:5)
  20 elephants
  An eye of devastation (shapeshifter) (Vaults:5)
  A gargoyle (D:12)
  A human skeleton (Vaults:2)
  13 komodo dragons
  A tormentor (Zot:2)
  17 freezing wraiths
  8 anaconda simulacra (IceCv)
  A tengu conjurer (Depths:2)
  2 efreet
  22 yaktaurs
  5 ice devils
  2 yaktaur skeletons (Vaults:2)
  9 trolls
  The ghost of seawaffle the Chopper, an amateur MiBe of Trog (D:4)
  4 bloated husks
  4 alligator simulacra (IceCv)
  2 golden dragon simulacra (IceCv)
  8 polar bears
  Prince Ribbit (D:7)
  8 tyrant leeches
  19 hornets
  5 glass eyes
  A raiju (shapeshifter) (Depths:2)
  14 blink frogs
  A glass eye (shapeshifter) (Vaults:5)
  7 dream sheep (Lair:5)
  47 slime creatures
  16 spriggans
  Sigmund (D:3)
  2 air elementals
  5 wraiths (D:12)
  7 wyverns
  A vampire (D:7)
  2 hogs (Snake:1)
  A shadow (D:12)
  63 yaks
  9 basilisks
  5 water elementals
  A yak (shapeshifter) (D:15)
  2 dire elephant simulacra (IceCv)
  4 fire bats (Depths:1)
  3 fire elementals
  3 steam dragons
  19 humans
  2 minotaur simulacra (IceCv)
  8 vampire mosquitoes
  4 wargs
  2 elf skeletons (Vaults:2)
  2 golden eyes (Depths:3)
  49 nagas
  Menkaure (D:7)
  10 swamp worms
  5 hell hounds (Lair:5)
  3 acid dragons
  3 harpy simulacra (IceCv)
  2 hydra simulacra (IceCv)
  2 glowing shapeshifter skeletons (Vaults:2)
  10 water moccasins
  49 orc warriors
  10 swamp drakes
  2 ice beasts (D:7)
  2 sky beasts
  7 ettin simulacra
  3 black bears
  2 laughing skulls (D:15)
  8 ogres
  12 wolves
  4 boggarts (Lair:2)
  9 centaurs (D:13)
  8 kobold brigands
  2 gnoll sergeants
  8 bullfrogs
  3 earth elementals
  3 scorpions
  An entropy weaver simulacrum (Lair:4)
  7 wights
  2 deep troll simulacra (IceCv)
  2 lindwurm simulacra (IceCv)
  24 killer bees
  5 howler monkeys
  5 electric eels
  5 lava snakes (Lair:5)
  A bombardier beetle (D:4)
  2 jellies
  35 orc priests
  4 hounds
  6 iguanas
  24 orc wizards
  2 spriggan simulacra
  Robin (D:2)
  16 gnolls
  5 adders
  3 shadow imps
  A white imp (D:6)
  2 ufetubi (D:5)
  3 dart slugs
  91 orcs
  10 ball pythons
  2 bats
  6 endoplasms
  3 giant cockroaches
  17 goblins
  10 hobgoblins
  5 jackals (D:3)
  13 kobolds
  5 quokkas
  2 frilled lizards (D:3)
  4 rats
2176 creatures vanquished.

Vanquished Creatures (collateral kills)
  A Killer Klown (Zot:5)
  An electric golem (Zot:5)
  A death cob (Zot:5)
  A draconian annihilator (Zot:5)
  A red draconian (Zot:5)
  A purple draconian (Zot:5)
  A hydra (Lair:5)
  A skeletal warrior (D:11)
8 creatures vanquished.

Vanquished Creatures (others)
  A great orb of eyes (Depths:3)
  A salamander mystic (Snake:2)
  A glowing orange brain (Depths:4)
  A bloated husk (Swamp:1)
  A golden eye (Depths:3)
  An endoplasm (D:4)
  2 foxfires (Swamp:2)
8 creatures vanquished.

Grand Total: 2192 creatures vanquished

Notes
Turn   | Place    | Note
-------+----------+-------------------------------------------
     0 | D:1      | LordWeiramon the Kobold Ice Elementalist began the quest
                  | for the Orb.
     0 | D:1      | Reached XP level 1. HP: 10/10 MP: 3/3
    23 | D:1      | Found a faded altar of an unknown god.
   178 | D:1      | Reached skill level 1 in Fighting
   349 | D:1      | Reached skill level 1 in Short Blades
   349 | D:1      | Reached XP level 2. HP: 16/16 MP: 3/5
   899 | D:2      | Reached XP level 3. HP: 20/20 MP: 6/6
  1260 | D:2      | Noticed Robin
  1319 | D:2      | Killed Robin
  1320 | D:2      | Reached XP level 4. HP: 24/25 MP: 1/7
  1467 | D:2      | Reached skill level 2 in Fighting
  1895 | D:3      | Reached XP level 5. HP: 30/30 MP: 8/8
  2083 | D:3      | Noticed Sigmund
  2614 | D:4      | Found a runed translucent gate.
  2615 | D:4      | Found a runed translucent gate.
  2615 | D:4      | Found an opulent altar of Gozag.
  2616 | D:4      | Found a runed translucent gate.
  2617 | D:4      | Noticed a steam dragon
  2791 | D:4      | Reached XP level 6. HP: 35/35 MP: 9/9
  2843 | D:4      | Reached skill level 1 in Evocations
  3039 | D:4      | Found a stormy altar of Qazlal.
  3113 | D:4      | Reached skill level 5 in Stealth
  3172 | D:4      | Reached XP level 7. HP: 32/40 MP: 5/10
  3371 | D:5      | Entered Level 5 of the Dungeon
  3378 | D:5      | Reached skill level 5 in Short Blades
  3530 | D:5      | Reached skill level 5 in Dodging
  3706 | D:5      | Found a hide-covered altar of Uskayaw.
  3708 | D:5      | Found an ancient bone altar of Kikubaaqudgha.
  3715 | D:5      | Found a broken altar of Ashenzari.
  3719 | D:5      | Became a worshipper of Ashenzari the Shackled
  3721 | D:5      | Found an opulent altar of Gozag.
  3796 | D:5      | Reached skill level 3 in Fighting
  4159 | D:5      | Reached XP level 8. HP: 29/46 MP: 6/11
  4669 | D:6      | Found a sacrificial altar of Ru.
  5198 | D:6      | Found a staircase to the Ecumenical Temple.
  5204 | Temple   | Entered the Ecumenical Temple
  5467 | D:7      | Noticed Menkaure
  5514 | D:7      | Noticed Maurice
  5514 | D:7      | Noticed a hornet
  5550 | D:7      | Reached XP level 9. HP: 50/50 MP: 12/12
  5601 | D:7      | Found a flagged portal.
  5610 | Bailey   | Entered a bailey
  5843 | Bailey   | Noticed an orc knight
  5847 | Bailey   | Found a burning altar of Makhleb.
  5850 | Bailey   | Reached skill level 5 in Throwing
  5853 | Bailey   | Killed an orc knight
  5862 | Bailey   | Identified the +5 dire flail of Ashenzari's Reproof
                  | {freeze, Int+4}
  5889 | Bailey   | Reached * piety under Ashenzari
  5959 | D:7      | Killed a hornet
  6061 | D:7      | Killed Maurice
  6062 | D:7      | Reached skill level 5 in Fighting
  6062 | D:7      | Reached XP level 10. HP: 59/59 MP: 13/13
  6073 | D:7      | Killed Menkaure
  6287 | D:7      | Found a glowing golden altar of the Shining One.
  6336 | D:7      | Found a shimmering blue altar of Sif Muna.
  6340 | D:7      | Reached skill level 5 in Evocations
  6458 | D:7      | Noticed a skeletal warrior
  6624 | D:7      | You fall into a shaft and drop 3 floors!
  6624 | D:10     | Entered Level 10 of the Dungeon
  6705 | D:10     | Identified the cursed +1 helmet "Doubts of Ashenzari"
                  | {Melee, Dev} (You found it on level 5 of the Dungeon)
  6750 | D:9      | Reached ** piety under Ashenzari
  7060 | D:7      | Reached skill level 10 in Stealth
  7324 | D:7      | Noticed Prince Ribbit
  7328 | D:7      | Killed Prince Ribbit
  7680 | D:8      | Reached skill level 10 in Dodging
  7680 | D:8      | Reached XP level 11. HP: 65/66 MP: 15/15
  7709 | D:8      | Reached skill level 6 in Fighting
  7762 | D:8      | Reached skill level 7 in Fighting
  7835 | D:8      | Reached skill level 1 in Armour
  8198 | D:3      | Killed Sigmund
  8232 | D:4      | Noticed seawaffle's ghost (amateur MiBe)
  8282 | D:4      | Killed seawaffle's ghost
  9105 | D:9      | Found Luzo's Antique Armour Emporium.
  9156 | D:9      | Found a sparkling altar of Nemelex Xobeh.
  9183 | D:9      | Reached skill level 5 in Armour
  9288 | D:9      | Reached *** piety under Ashenzari
  9415 | D:9      | Found a staircase to the Lair.
  9470 | D:9      | Found a staircase to the Orcish Mines.
 10027 | D:10     | Noticed Snorg
 10033 | D:10     | Killed Snorg
 10034 | D:10     | Reached XP level 12. HP: 65/75 MP: 17/17
 10381 | D:10     | Noticed a two-headed ogre
 10383 | D:10     | Killed a two-headed ogre
 10472 | D:11     | Reached **** piety under Ashenzari
 10808 | D:11     | Noticed Erica
 10824 | D:11     | Killed Erica
 11056 | D:11     | Noticed a vault guard
 11059 | D:11     | Killed a vault guard
 11062 | D:11     | Found a portal to a secret trove of treasure.
 11423 | D:11     | Noticed a skeletal warrior
 11612 | D:7      | Killed a skeletal warrior
 11874 | Lair:1   | Entered Level 1 of the Lair of Beasts
 12140 | Lair:1   | Reached skill level 15 in Stealth
 12879 | Lair:1   | Reached XP level 13. HP: 57/80 MP: 18/18
 13607 | Lair:2   | Found a staircase to the Snake Pit.
 13848 | Lair:1   | Reached skill level 15 in Dodging
 13998 | Lair:2   | Noticed Nergalle
 14006 | Lair:2   | Killed Nergalle
 14007 | Lair:2   | Reached skill level 8 in Fighting
 14147 | Lair:2   | Learned a level 3 spell: Confusing Touch
 14210 | Lair:2   | Reached skill level 1 in Hexes
 14793 | Lair:2   | Reached skill level 5 in Hexes
 15029 | Lair:3   | Noticed a seven-headed hydra
 15034 | Lair:3   | Killed a seven-headed hydra
 15219 | Lair:3   | Reached skill level 10 in Short Blades
 15419 | Lair:3   | Reached XP level 14. HP: 48/88 MP: 19/19
 15623 | Lair:3   | Identified the Codex of the Mosquito
 16563 | Lair:3   | Found a staircase to the Swamp.
 16921 | Lair:3   | Reached ***** piety under Ashenzari
 17918 | Lair:4   | Identified Areolorro's Meditations on Transfiguration
 18029 | Lair:4   | Reached skill level 10 in Evocations
 18889 | Lair:5   | Entered Level 5 of the Lair of Beasts
 18933 | Lair:5   | Reached skill level 1 in Shields
 19494 | Lair:5   | Reached XP level 15. HP: 80/96 MP: 21/21
 19826 | Lair:5   | Found a viscous altar of Jiyva.
 19827 | Lair:5   | Found a staircase to the Slime Pits.
 20024 | Lair:5   | Reached skill level 5 in Shields
 20813 | Lair:5   | Found a large runed translucent door.
 20813 | Lair:5   | Found a large runed translucent door.
 22131 | D:11     | You paid a toll of 3 scrolls of blinking to enter a
                  | treasure trove
 22132 | Trove    | Entered a treasure trove
 22141 | Trove    | Identified the +6 long sword of the Evil Eye {drain, rC-
                  | Will+ Dex+3}
 22158 | Trove    | Identified the +9 quick blade "Boaf" {elec, *Rage Str+4
                  | Stlth+}
 22171 | Trove    | Found the +10 zealot's sword {holy, Zealotry, *Rage rN+
                  | EV+3}
 22384 | D:12     | Noticed Frances
 22386 | D:12     | Killed Frances
 22389 | D:12     | Noticed Nessos
 22393 | D:12     | Killed Nessos
 22730 | D:12     | Noticed Josephine
 22764 | D:12     | Killed Josephine
 23259 | D:13     | Found a transporter.
 23271 | D:13     | Noticed a white very ugly thing
 23494 | D:13     | Found a gate to the Vaults.
 23510 | D:13     | Reached skill level 10 in Shields
 23517 | D:13     | Reached XP level 16. HP: 90/103 MP: 23/23
 23984 | D:13     | Found a transporter.
 24193 | D:13     | Gained mutation: Armour fits poorly on your strangely
                  | shaped body. [mutagenic glow]
 24214 | D:13     | Gained mutation: You occasionally shout uncontrollably at
                  | your foes. [mutagenic glow]
 24221 | D:13     | Lost mutation: You occasionally shout uncontrollably at
                  | your foes. [potion of mutation]
 24221 | D:13     | Lost mutation: Armour fits poorly on your strangely shaped
                  | body. [potion of mutation]
 24221 | D:13     | Gained mutation: Your magical capacity is low. (-10% MP)
                  | [potion of mutation]
 24387 | D:14     | Found an opulent altar of Gozag.
 25080 | D:14     | Learned a level 2 spell: Ensorcelled Hibernation
 25360 | D:15     | Entered Level 15 of the Dungeon
 25742 | D:15     | Found a staircase to the Depths.
 25828 | D:15     | Found Mugriteu's Distillery.
 25833 | D:15     | Bought a potion of might for 44 gold pieces
 25833 | D:15     | Bought a potion of invisibility for 88 gold pieces
 25833 | D:15     | Bought a potion of curing for 33 gold pieces
 25833 | D:15     | Bought a potion of cancellation for 88 gold pieces
 25833 | D:15     | Bought a potion of enlightenment for 55 gold pieces
 25833 | D:15     | Bought a potion of haste for 110 gold pieces
 25833 | D:15     | Bought a potion of curing for 33 gold pieces
 25833 | D:15     | Bought a potion of mutation for 88 gold pieces
 26248 | Swamp:1  | Entered Level 1 of the Swamp
 27297 | Swamp:2  | Noticed a thorn hunter
 27301 | Swamp:2  | Killed a thorn hunter
 27697 | Swamp:3  | Reached XP level 17. HP: 104/104 MP: 20/20
 27725 | Swamp:3  | Reached skill level 15 in Short Blades
 27774 | Swamp:3  | Reached skill level 9 in Fighting
 28337 | Swamp:3  | Reached skill level 10 in Fighting
 28350 | Swamp:4  | Entered Level 4 of the Swamp
 28694 | Swamp:4  | Noticed a tentacled monstrosity
 28696 | Swamp:4  | Killed a tentacled monstrosity
 28697 | Swamp:4  | Reached skill level 11 in Fighting
 28845 | Orc:1    | Entered Level 1 of the Orcish Mines
 28866 | Orc:1    | Found Rupal's Distillery.
 29188 | Orc:1    | Noticed Urug
 29197 | Orc:1    | Killed Urug
 29329 | Orc:1    | Reached skill level 12 in Fighting
 29643 | Orc:2    | Entered Level 2 of the Orcish Mines
 29697 | D:9      | Bought slimy steam dragon scales for 1260 gold pieces
 29697 | D:9      | Identified the +0 steam dragon scales of Pathos {Will+
                  | rCorr} (You bought it in a shop on level 9 of the Dungeon)
 30488 | Orc:2    | Found Keuts's Armour Boutique.
 30489 | Orc:2    | Found Cisoumnu's Antique Armour Shop.
 30490 | Orc:2    | Found Bahiahaekh's Magic Scroll Boutique.
 30490 | Orc:2    | Found Xuowkumi's Magic Scroll Boutique.
 30494 | Orc:2    | Bought a pair of embroidered gloves for 142 gold pieces
 31055 | Orc:2    | Found a staircase to the Elven Halls.
 31172 | Orc:2    | Bought a scroll of enchant armour for 105 gold pieces
 31177 | Orc:2    | Bought a scroll of enchant armour for 112 gold pieces
 31422 | Swamp:4  | Reached XP level 18. HP: 95/116 MP: 21/21
 31875 | Swamp:4  | Reached skill level 10 in Armour
 31913 | Swamp:4  | Got a decaying rune of Zot
 32324 | Snake:1  | Entered Level 1 of the Snake Pit
 32393 | Snake:1  | Found a glacial archway.
 32415 | IceCv    | Entered an ice cave
 32586 | IceCv    | Found an ancient bone altar of Kikubaaqudgha.
 33089 | IceCv    | Noticed a lich
 33178 | IceCv    | Killed a lich
 33380 | Snake:1  | Noticed Kirke
 33386 | Snake:1  | Killed Kirke
 33449 | Snake:1  | Noticed Asterion
 33451 | Snake:1  | Killed Asterion
 34825 | Snake:2  | Reached XP level 19. HP: 120/120 MP: 21/21
 35124 | Snake:2  | Identified the serpent talisman "Syfueck" {MP+9 Int-2
                  | Stlth+}
 35124 | Snake:2  | Noticed Aizul
 35138 | Snake:2  | Killed Aizul
 35609 | Snake:2  | Identified the +0 robe "Vuporpha" {^Drain rF+ rN+ SInv}
 35618 | Snake:2  | Found a basalt altar of Yredelemnul.
 36152 | Snake:3  | Noticed Vashnia
 36194 | Snake:3  | Killed Vashnia
 36378 | Snake:3  | Found a runed translucent door.
 36441 | Snake:3  | Identified the amulet "Izyqarib" {Acrobat rCorr Str+3}
 36542 | Snake:3  | Noticed Mlioglotl
 36544 | Snake:3  | Killed Mlioglotl
 36625 | Snake:3  | Noticed Roxanne
 36650 | Snake:3  | Killed Roxanne
 37153 | Snake:3  | Found Xyudewefa's Distillery.
 37163 | Snake:3  | Bought a potion of might for 52 gold pieces
 37163 | Snake:3  | Bought a potion of heal wounds for 65 gold pieces
 37163 | Snake:3  | Bought a potion of curing for 39 gold pieces
 37163 | Snake:3  | Bought a potion of invisibility for 104 gold pieces
 37928 | Snake:3  | Identified the Directory of the Evil Eye
 38052 | Snake:4  | Entered Level 4 of the Snake Pit
 38079 | Snake:4  | Reached XP level 20. HP: 126/126 MP: 22/22
 38294 | Snake:4  | Found Archorpha's Book Shoppe.
 38295 | Snake:4  | Found Yceadwem's Antique Weapon Emporium.
 38296 | Snake:4  | Found Elafot's Jewellery Shoppe.
 38312 | Snake:4  | Bought a book of Burglary for 352 gold pieces
 38316 | Snake:4  | Learned a level 3 spell: Passwall
 38365 | Snake:4  | Found Mocio's Distillery.
 38582 | Snake:4  | Reached skill level 1 in Earth Magic
 38893 | Snake:4  | Reached skill level 5 in Earth Magic
 39537 | Snake:4  | Got a serpentine rune of Zot
 39581 | Snake:4  | Reached skill level 5 in Spellcasting
 39885 | Elf:1    | Entered Level 1 of the Elven Halls
 39917 | Elf:1    | Paralysed by an air elemental for 1 turns
 40125 | Elf:1    | Identified Myack's Meditations on Bombardment
 40311 | Elf:1    | Learned a level 5 spell: Silence
 40627 | Elf:1    | Reached skill level 1 in Air Magic
 40778 | Elf:2    | Found Utugixt's Assorted Antiques.
 40783 | Elf:2    | Found Focor's Book Boutique.
 40916 | Elf:2    | Bought a jewelled fluorescent wand for 128 gold pieces
 41032 | Elf:2    | Identified the ring "Osi Kioc" {Will+ Dex+6}
 41201 | Elf:2    | Found a runed translucent gate.
 41202 | Elf:2    | Found a runed translucent gate.
 41203 | Elf:2    | Found a runed translucent gate.
 41268 | Elf:2    | Reached skill level 5 in Air Magic
 41610 | Elf:2    | Reached XP level 21. HP: 131/132 MP: 28/28
 42824 | Vaults:1 | Entered Level 1 of the Vaults
 43261 | Vaults:1 | Noticed Saint Roka
 43274 | Vaults:1 | Killed Saint Roka
 43503 | Vaults:1 | Found Neahok's Jewellery Boutique.
 44106 | Vaults:1 | Found a runed translucent gate.
 44106 | Vaults:1 | Found a runed translucent gate.
 44106 | Vaults:1 | Found a runed translucent gate.
 44139 | Vaults:1 | Noticed WickedGoodPizza's ghost (adept DsNe)
 44200 | Vaults:1 | Killed WickedGoodPizza's ghost
 44518 | Vaults:1 | Reached skill level 10 in Hexes
 44518 | Vaults:1 | Reached skill level 10 in Air Magic
 44530 | Vaults:1 | Identified the scarf of Noughts and Crosses {+Inv, rPois
                  | MP+9 Int-4}
 45003 | Vaults:2 | Reached XP level 22. HP: 137/137 MP: 30/30
 45179 | Vaults:2 | Identified the +2 leather armour "Ocoopuypt" {rN+}
 45817 | Vaults:2 | Found a staircase to the Crypt.
 46669 | Vaults:2 | Noticed Xtahua
 46692 | Vaults:2 | Killed Xtahua
 46694 | Vaults:2 | Found Mebeokhli's Armour Emporium.
 48197 | Vaults:3 | Reached XP level 23. HP: 114/142 MP: 31/31
 48510 | Vaults:3 | Identified the +6 arbalest of Karma {freeze, ^Fragile rF+
                  | SInv}
 48511 | Vaults:3 | Found the +8 storm bow {elec, penet}
 48743 | Vaults:4 | Found Uxzeim's Book Boutique.
 48834 | Vaults:4 | Identified a scroll of acquirement
 48842 | Vaults:4 | Acquired the +3 pair of mountain boots {steadfast, rC+}
 48842 | Vaults:4 | Found the +3 pair of mountain boots {steadfast, rC+}
 49656 | Vaults:4 | Reached skill level 13 in Fighting
 49705 | Vaults:4 | Noticed a golden dragon
 49709 | Vaults:4 | Killed a golden dragon
 50365 | Elf:3    | Entered Level 3 of the Elven Halls
 51026 | Elf:3    | Reached skill level 14 in Fighting
 51298 | Elf:3    | Identified the +6 chain mail of Indomitability {Regen+
                  | MP+9}
 51311 | Elf:3    | Identified the staff of the Past {^Contam rPois rC++ Dex+2
                  | Earth}
 51526 | Elf:3    | Found the +2 Maxwell's thermic engine {flame, freeze, rev}
 51579 | Elf:3    | Found the amulet of the Air {Inacc Air Fly rElec RMsl}
 51611 | Elf:3    | Identified the +0 scale mail of Beqian Vokytt {Stlth+}
 51611 | Elf:3    | Identified the +1 robe of the Wild Haggis {rC+}
 51963 | Elf:3    | Identified the +5 rapier of Valour {speed, Stlth+}
 52008 | Elf:3    | Reached skill level 15 in Fighting
 52458 | Elf:3    | Identified the ring of Idu Nam {Str+3 SInv}
 52462 | Elf:3    | Reached XP level 24. HP: 156/156 MP: 30/31
 52754 | Elf:3    | Found Ybasuhuh's Tremendous Tomes.
 52840 | Elf:2    | Bought a scroll of blinking for 240 gold pieces
 52963 | Orc:2    | Bought a scroll of fog for 60 gold pieces
 52963 | Orc:2    | Bought a scroll of fog for 60 gold pieces
 52963 | Orc:2    | Bought a scroll of summoning for 142 gold pieces
 52967 | Orc:2    | Bought a scroll of blinking for 105 gold pieces
 52967 | Orc:2    | Bought 3 scrolls of teleportation for 126 gold pieces
 52967 | Orc:2    | Bought a scroll of teleportation for 42 gold pieces
 52967 | Orc:2    | Bought a scroll of teleportation for 42 gold pieces
 53039 | Orc:1    | Bought a potion of curing for 30 gold pieces
 53039 | Orc:1    | Bought a potion of curing for 30 gold pieces
 53039 | Orc:1    | Bought 2 potions of curing for 60 gold pieces
 53039 | Orc:1    | Bought a potion of curing for 30 gold pieces
 53266 | Vaults:5 | Entered Level 5 of the Vaults
 53284 | Vaults:5 | Reached skill level 16 in Fighting
 53515 | Vaults:5 | Noticed a golden dragon
 53519 | Vaults:5 | Killed a golden dragon
 53565 | Vaults:5 | Identified the +5 flail "Migyttaq" {drain, *Rage Str+3
                  | Stlth+}
 53609 | Vaults:5 | Identified the staff of the Countless Mice {Str+3 Dex+4
                  | Earth}
 53618 | Vaults:5 | Reached skill level 17 in Fighting
 54154 | Vaults:5 | Got a silver rune of Zot
 54191 | Vaults:5 | Noticed a golden dragon
 54207 | Vaults:5 | Killed a golden dragon
 54208 | Vaults:5 | Reached skill level 18 in Fighting
 54408 | Vaults:5 | Found Ehaal's Magic Scroll Shop.
 54408 | Vaults:5 | Found Vesec's Distillery.
 54466 | Vaults:5 | Bought a scroll of blinking for 172 gold pieces
 54473 | Vaults:5 | Bought a potion of haste for 170 gold pieces
 54473 | Vaults:5 | Bought a potion of curing for 51 gold pieces
 54473 | Vaults:5 | Bought a potion of curing for 51 gold pieces
 54473 | Vaults:5 | Bought a potion of curing for 51 gold pieces
 54473 | Vaults:5 | Bought a potion of curing for 51 gold pieces
 54473 | Vaults:5 | Bought a potion of curing for 51 gold pieces
 54773 | Vaults:5 | Identified the +6 flail "Concordance" {elec, rN+ Dex-3
                  | Stlth+}
 54946 | Vaults:5 | Reached skill level 19 in Fighting
 55012 | Vaults:5 | Identified the staff of Oshorchuu {^Drain rElec Int+3 Dex+3
                  | Fire Air}
 55876 | Depths:1 | Entered Level 1 of the Depths
 55989 | Depths:1 | Reached skill level 20 in Fighting
 56128 | Depths:1 | Found a gateway to Hell.
 56169 | Depths:1 | Reached XP level 25. HP: 108/175 MP: 32/32
 56663 | Depths:1 | Found Ziatiuno's Book Boutique.
 56791 | Depths:1 | Found Hocegoeff's Jewellery Emporium.
 56791 | Depths:1 | Found Rullohun's Jewellery Emporium.
 56792 | Depths:1 | Found Koril's Book Shop.
 56992 | Depths:1 | Found a white marble altar of Elyvilon.
 56992 | Depths:1 | Found a glowing golden altar of the Shining One.
 56994 | Depths:1 | Found a glowing silver altar of Zin.
 57162 | Depths:2 | Reached skill level 21 in Fighting
 57481 | Depths:2 | Found a burning altar of Makhleb.
 57935 | Depths:2 | Found a bloodstained altar of Trog.
 57939 | Depths:2 | Found a one-way gate leading to the halls of Pandemonium.
 58875 | Depths:2 | Noticed a juggernaut
 58879 | Depths:2 | Killed a juggernaut
 58895 | Depths:2 | Found a sacrificial altar of Ru.
 58927 | Depths:2 | Found a sparkling altar of Nemelex Xobeh.
 59134 | Depths:2 | Identified the +0 chain mail of Gotyr {Rampage rC- Int+4
                  | Slay+4}
 59325 | Depths:1 | Bought the amulet "Hubryr" {Acrobat +Blink rElec rN++} for
                  | 1414 gold pieces
 59458 | Depths:2 | Noticed the Enchantress
 59463 | Depths:2 | Killed the Enchantress
 59707 | Depths:3 | Reached XP level 26. HP: 184/184 MP: 32/32
 59814 | Depths:3 | Found a one-way gate to the infinite horrors of the Abyss.
 59996 | Depths:3 | Identified the ring "Rien" {Wiz rCorr Dex+4}
 60012 | Depths:3 | Identified the ring "Delab" {Fly rF+ Str+2 SInv Stlth+}
 60191 | Depths:3 | Identified the ring "Xukor" {Wiz Int+4 Dex+2}
 60221 | Depths:3 | Identified the amulet of Ytamih {Acrobat rN++ Regen+ Slay-5
                  | SInv}
 60682 | Depths:4 | Entered Level 4 of the Depths
 60682 | Depths:4 | Noticed Jory
 60946 | Depths:3 | Found a one-way gateway to a ziggurat.
 61258 | Depths:3 | Found Pajygeol's Weapon Boutique.
 61349 | Depths:3 | Gained mutation: You occasionally lose the ability to read
                  | scrolls when taking damage. [a shining eye]
 61352 | Depths:3 | Gained mutation: You are clumsy. (Dex -2) [a shining eye]
 61603 | Depths:4 | Noticed Sojobo
 61607 | Depths:4 | Killed Sojobo
 61772 | Depths:4 | Found a snail-covered altar of Cheibriados.
 62024 | Depths:4 | Noticed Parghit
 62026 | Depths:4 | Killed Parghit
 62237 | Depths:4 | Killed Jory
 62886 | Depths:4 | Found a gate to the Realm of Zot.
 63249 | Depths:4 | Identified the +0 leather armour of Surprise {rPois}
 63316 | Depths:3 | Bought a +4 rapier of speed for 544 gold pieces
 63616 | Zot:1    | Entered Level 1 of the Realm of Zot
 63683 | Zot:1    | Reached XP level 27. HP: 186/186 MP: 31/31
 64379 | Zot:1    | Found a transporter.
 64443 | Zot:1    | Identified the ring "Babu" {Int+6 Dex+2}
 64444 | Zot:1    | Found a transporter.
 65133 | Zot:2    | Noticed an orb of fire
 65145 | Zot:2    | Gained mutation: Your magical capacity is very low. (-20%
                  | MP) [an orb of fire]
 65146 | Zot:2    | Gained mutation: You sometimes lose your temper in combat.
                  | [an orb of fire]
 65157 | Zot:2    | Reached skill level 22 in Fighting
 65159 | Zot:2    | Gained mutation: Armour fits poorly on your strangely
                  | shaped body. [an orb of fire]
 65161 | Zot:2    | Gained mutation: You are dopey. (Int -2) [an orb of fire]
 65166 | Zot:2    | Gained mutation: You are frail. (-10% HP) [an orb of fire]
 65173 | Zot:2    | Killed an orb of fire
 65657 | Zot:2    | Found a snail-covered altar of Cheibriados.
 65676 | Zot:2    | Noticed Grunn
 66034 | Zot:2    | Killed Grunn
 66352 | Zot:2    | Reached skill level 23 in Fighting
 66542 | Zot:2    | Found a snail-covered altar of Cheibriados.
 66549 | Zot:2    | Found a snail-covered altar of Cheibriados.
 68454 | Zot:4    | Reached skill level 24 in Fighting
 70171 | Zot:5    | Entered Level 5 of the Realm of Zot
 70330 | Zot:5    | Reached skill level 25 in Fighting
 70926 | Zot:5    | Noticed a Killer Klown
 70928 | Zot:5    | Noticed a dread lich
 70930 | Zot:5    | Killed a Killer Klown
 70933 | Zot:5    | Killed a dread lich
 71471 | Zot:5    | Noticed a dread lich
 71504 | Zot:5    | Killed a dread lich
 71535 | Zot:5    | Noticed an ancient lich
 71557 | Zot:5    | Killed an ancient lich
 71558 | Zot:5    | Reached skill level 26 in Fighting
 71595 | Zot:5    | Noticed an orb of fire
 71599 | Zot:5    | Killed an orb of fire
 71649 | Zot:5    | Noticed a Killer Klown
 71657 | Zot:5    | Noticed an orb of fire
 71681 | Zot:5    | Killed a Killer Klown
 71684 | Zot:5    | Killed an orb of fire
 72093 | Zot:5    | Lost mutation: You are clumsy. (Dex -2) [potion of
                  | mutation]
 72093 | Zot:5    | Lost mutation: You sometimes lose your temper in combat.
                  | [potion of mutation]
 72093 | Zot:5    | Gained mutation: You have large cloven feet. [potion of
                  | mutation]
 72094 | Zot:5    | Lost mutation: Your magical capacity is very low. (-20% MP)
                  | [potion of mutation]
 72094 | Zot:5    | Lost mutation: Armour fits poorly on your strangely shaped
                  | body. [potion of mutation]
 72094 | Zot:5    | Lost mutation: You are frail. (-10% HP) [potion of
                  | mutation]
 72578 | Zot:5    | Reached ****** piety under Ashenzari
 72783 | Zot:5    | Got the Orb of Zot
 73024 | Depths:1 | Noticed Sacanapa the pandemonium lord
 73041 | Depths:1 | Killed Sacanapa the pandemonium lord
 73304 | D:$      | Escaped with the Orb!

Illustrated notes

Levels and vault maps discovered:
D:1:      roderic_dead_forest, layout_loops_ring, basic_ecumenical_altar,
          minmay_door_square
D:2:      layout_rooms, patterned_corridor, uniq_robin
D:3:      layout_basic, uniq_sigmund
D:4:      layout_basic, grunt_qazlal_clouds, ebering_ghost_gozag,
          minmay_misc_feat_room
D:5:      layout_basic, nicolae_overflow_macrodata_refinement
D:6:      layout_loops_ring, nicolae_ru_sacrificial_ziggurat,
          minmay_temple_entry_ruins
D:7:      layout_cave_pools, lemuel_round_altar, kennysheep_orc_sif_temple,
          enter_bailey_3, kennysheep_another_room, minmay_manual_monstrance,
          uniq_maurice, uniq_menkaure, uniq_prince_ribbit1
D:8:      layout_loops_ring, serial_bayou_pond_b
D:9:      layout_rooms, mainiacjoe_overflow_cross_hatched, lair_entry_dummy,
          serial_shops, nicolae_shop_pleasant_corner_grove,
          serial_library_hellmonk_hallway_b
D:10:     layout_roguey, hangedman_abyss_or_decor_stagger, uniq_snorg
D:11:     layout_basic, enter_trove_5, uniq_erica
D:12:     layout_basic, uniq_frances, uniq_nessos, uniq_josephine
D:13:     gammafunk_cloud_chamber, layout_loops_cross, grunt_vaults_entry_tiered
D:14:     layout_grid_maze, grunt_gozag_statues
D:15:     grunt_enter_depths_giant_problem, layout_cave_pools,
          minmay_misc_feat_rows, serial_shops, shop, serial_bayou_lake_a
Temple:   nicolae_temple_bog_church
Lair:1:   layout_roguey, st_stairs_10
Lair:2:   layout_concentric_octagons, minmay_snake_entry_guardpost_small,
          kilobyte_rumbling_trees, uniq_nergalle
Lair:3:   layout_cave_pods, skrybe_swamp_entry_bodies
Lair:4:   dreamdust_isle_of_ice, layout_cave_pods, gammafunk_lair_bear_cave
Lair:5:   cheibrodos_lair_end_hotspot, layout_cellular_growth, slime_entry_1
Swamp:1:  layout_falls_marsh, evilmike_swamp_ruin_rubble_1
Swamp:2:  layout_falls_marsh, hangedman_swamp_ruin_hall, swamp_pool_3
Swamp:3:  layout_falls_marsh, hangedman_swamp_diagram,
          nicolae_swamp_tree_isthmus
Swamp:4:  swamp, layout_basic_swamp, swamp_pool_1_2
Snake:1:  layout_chambers, portal_ice_cave_entry_pillars_four,
          grunt_megastairs_2, uniq_kirke, uniq_asterion
Snake:2:  layout_onion, basic_altar, nicolae_snake_salamander_stairs, uniq_aizul
Snake:3:  cheibrodos_toxic_ritual, layout_gridlike, serial_shops,
          nicolae_shop_window_shopping, grunt_ministairs_3, uniq_vashnia,
          uniq_mlioglotl, uniq_roxanne
Snake:4:  snake_pit, layout_cave_town, serial_shops,
          nicolae_shop_tiny_real_fake_doors, drop_trap, st_stairs_13,
          minmay_shop_star
Orc:1:    layout_diamond_mine, serial_shops, shop, uniq_urug
Orc:2:    st_orc_pillars, layout_caves, hellmonk_guarded_unrand_dark_maul
Elf:1:    nicolae_elf_arrival_fired_up, layout_geoelf_octagon,
          minmay_elf_annihilation, nicolae_elf_glass_and_crystal_pillar_1
Elf:2:    nicolae_elf_blades_splatter_lattice [nicolae_blade_lattice],
          layout_geoelf_diagonals, dreamdust_wishing_well, minmay_shoptagon
Elf:3:    elf_hall, layout_geoelf_grid, nicolae_shop_i_like_big_books
Vaults:1: gammafunk_ghost_spectres, nicolae_vaults_trapezoid_2,
          nicolae_vaults_door_testing_chamber, vaults_dpeg_doors,
          nicolae_vaults_back_hallway, nicolae_vaults_what_the_h,
          vaults_room_fours, v_alt_pattern_2, ontoclasm_vaults_fault,
          nicolae_vaults_little_squares_3, nicolae_vaults_more_shelving_2,
          nicolae_vaults_security_offices_1, nicolae_vaults_tetromino_T_2,
          nicolae_vaults_diamond_1, layout_vaults_omnibox, serial_shops,
          shop_fountains, uniq_saint_roka
Vaults:2: nicolae_vaults_trapezoid_lopsided_1,
          minmay_crypt_entry_skeletal_spiral, nicolae_vaults_oval_intersection,
          v_misc_8, nicolae_vaults_windows_and_doors_thing,
          ontoclasm_vaults_decontamination, nicolae_vaults_little_squares_6,
          v_misc_28, v_misc_30, layout_vaults_quadrants, serial_shops,
          nicolae_diamond_shop, uniq_xtahua
Vaults:3: nicolae_vaults_bisected_inception,
          nicolae_vaults_doubleplus_tesselated,
          vaults_mumra_minichess_inversion, nicolae_vaults_closet_pinwheel_2,
          nicolae_vaults_yaktaur_gun_rack, hangedman_vaults_stagger,
          nicolae_vaults_wrenched, nicolae_vaults_little_squares_3,
          nicolae_vaults_double_plus_2, v_alt_pattern_4, v_alt_pattern_3,
          layout_vaults_ring
Vaults:4: nicolae_vaults_c_with_doors, nicolae_vaults_tetromino_T_1,
          vaults_room_hallway, nicolae_vaults_variable_pillar_hall,
          nicolae_vaults_rhombus_5, vaults_room_stairs_pillars,
          vaults_dpeg_diagonal, nicolae_vaults_trapezoid_lopsided_3,
          nicolae_vaults_circle_grid_a, nicolae_vaults_sesquioval_fish,
          layout_vaults_omnicross, serial_shops, shop_fountains
Vaults:5
Depths:1: layout_cave_pools, skrybe_limestone_x, serial_shops,
          nicolae_shop_crystal, hellmouth_1, hallowed_hall, minmay_shop_grove
Depths:2: grunt_profane_halls [grunt_profane_loot, grunt_profane_temple_coc,
          grunt_profane_temple_dis, grunt_profane_temple_tar,
          grunt_profane_temple_geh], pan_entry, hell_entry, serial_shops,
          uniq_enchantress
Depths:3: minmay_the_grid_triangle_9x9_recursive_2
          [minmay_the_grid_triangle_9x9_prize_special,
          minmay_the_grid_triangle_9x9_negative_grid,
          minmay_the_grid_triangle_9x9_dagger,
          minmay_the_grid_triangle_9x9_zippers_horizontal], layout_cave_pools,
          enter_ziggurat_b, grunt_decor_fettered, abyss_entry_crystal,
          serial_shops, nicolae_shop_tiny_glass, hell_entry, hangedman_eye_storm
Depths:4: grunt_zot_entry_alcove, layout_basic, cheibriados_altar_1,
          hangedman_geh_valley, lemuel_flamethrower_hall, grunt_megastairs_3,
          uniq_jory, uniq_sojobo, uniq_parghit
Zot:1:    gammafunk_sealed_arena, layout_gridlike, bh_zot_ikea_curve
Zot:2:    layout_gridlike, regret_index_zot_stipple_split,
          regret_index_zotdec_serpentine_coiled, grunt_ministairs_11,
          uniq_grunn, uniq_josephina
Zot:3:    layout_misc_corridors, grunt_megastairs_5
Zot:4:    layout_gridlike, st_large_dragon_hoard_1
Zot:5:    layout_basic

Skill      XL: |  1  2  3  4  5  6  7  8  9 10 11 12 13 14 15 16 17 18 19 20 21 22 23 24 25 26 27 |
---------------+----------------------------------------------------------------------------------+-----
Fighting       | 1 2 3 5 7 8 12 15 20 21 26 | 26.5
Short Blades   | 1 2 3 4 5 7 8 11 12 14 15 17 18 19 21 24 | 24.8
Stealth        | 3 4 5 6 7 10 15 19 22 | 22.0
Dodging        | 3 4 5 6 8 10 11 13 15 19 21 22 | 22.6
Evocations     | 3 5 11 | 11.1
Throwing       | 2 7 |  7.1
Armour         | 5 8 10 | 10.2
Hexes          | 5 10 12 | 12.3
Shields        | 4 10 12 | 12.5
Earth Magic    | 7 |  7.0
Spellcasting   | 5 6 |  6.0
Air Magic      | 5 10 12 | 12.3
Ice Magic      | |  4.0

Action                     |  1- 3 |  4- 6 |  7- 9 | 10-12 | 13-15 | 16-18 | 19-21 | 22-24 | 25-27 || total
---------------------------+-------+-------+-------+-------+-------+-------+-------+-------+-------++-------
  Melee: Dagger            |    13 |   121 |    88 |  1091 |  1294 |       |       |       |       ||  2607
         Punch             |       |     1 |     3 |    18 |    39 |       |       |       |       ||    61
         Staff             |       |     1 |       |       |       |       |       |       |       ||     1
         Short sword       |       |       |       |    55 |       |       |       |       |       ||    55
         Quick blade       |       |       |       |       |   311 |  1868 |  2110 |  2374 |  2265 ||  8928
         Rapier            |       |       |       |       |       |       |       |       |  1452 ||  1452
  Throw: Stone             |     1 |     5 |     2 |     1 |       |       |       |       |       ||     9
         Boomerang         |       |       |     6 |       |       |       |       |       |       ||     6
         Dart              |       |       |     9 |     2 |    16 |       |     2 |    33 |    21 ||    83
         Throwing net      |       |       |     2 |     3 |     3 |       |     2 |       |    10 ||    20
   Cast: Freeze            |    28 |    32 |    54 |     3 |       |       |       |       |       ||   117
         Confusing Touch   |       |       |       |       |    15 |       |       |       |     3 ||    18
         Passwall          |       |       |       |       |       |       |     1 |       |    10 ||    11
         Silence           |       |       |       |       |       |       |     2 |    72 |    31 ||   105
 Invoke: Curse Item        |       |       |     2 |     4 |     3 |     2 |     2 |     1 |     5 ||    19
         Shatter the Chain |       |       |       |       |     1 |     4 |       |     2 |     2 ||     9
  Evoke: Wand              |       |       |     5 |     3 |    14 |     2 |     6 |       |     2 ||    32
         Phantom mirror    |       |       |       |     1 |     3 |       |       |       |       ||     4
         Lightning rod     |       |       |       |       |     7 |       |       |       |       ||     7
         Tin of tremorston |       |       |       |       |       |     1 |     1 |       |       ||     2
         Box of beasts     |       |       |       |       |       |       |       |       |     1 ||     1
    Use: Scroll            |       |     6 |     5 |     2 |     2 |     7 |     3 |     1 |    12 ||    38
         Potion            |       |     1 |     3 |     4 |     3 |     3 |     1 |       |    25 ||    40
   Stab: Sleeping          |    12 |    21 |    19 |    32 |    76 |   134 |   127 |   131 |   125 ||   677
         Held in net/web   |       |       |     3 |     2 |     2 |       |     2 |       |     9 ||    18
         Distracted        |       |       |     1 |     5 |     9 |    13 |    13 |     9 |    22 ||    72
         Invisible         |       |       |     1 |       |       |       |       |       |       ||     1
         Confused          |       |       |       |       |    14 |       |       |       |     4 ||    18
 Armour: Robe              |     5 |    32 |    37 |   166 |   279 |    46 |       |       |       ||   565
         Skin              |       |       |       |    18 |       |       |       |       |       ||    18
         Swamp dragon scal |       |       |       |       |       |   102 |   198 |   224 |   625 ||  1149
  Dodge: Dodged            |    14 |    78 |   101 |   472 |   826 |   395 |   409 |   666 |  1598 ||  4559
         Repelled          |       |       |       |       |       |       |       |       |     2 ||     2
  Block: Other             |       |     5 |    29 |   110 |   143 |       |       |       |       ||   287
         Reflection        |       |       |     1 |     1 |    11 |    21 |   116 |    31 |       ||   181
         Kite shield       |       |       |       |       |   114 |   714 |   861 |  1012 |  1686 ||  4387
